 Dungeon Crawl Stone Soup version 0.18-a0-1179-g120c792 (webtiles) character file.

61 Reinor the Scratcher (level 3, -3/15 HPs)
             Began as a Felid Transmuter on Jan 27, 2016.
             Was an Initiate of Elyvilon.
             Slain by an orc
             ... wielding a +0 club
              (6 damage)
             ... on level 3 of the Dungeon.
             The game lasted 00:04:54 (1894 turns).

Reinor the Scratcher (Felid Transmuter)             Turns: 1894, Time: 00:04:54

Health: -3/15      AC:  1    Str:  8    XL:     3   Next: 83%
Magic:  5/7        EV: 18    Int: 13    God:    Elyvilon [......]
Gold:   93         SH:  0    Dex: 16    Spells: 3 memorised, 0 levels left
                                        Lives:  0   Deaths: 0

rFire  + . .     SeeInvis +       - Unarmed
rCold  . . .     Gourm    .     (armour unavailable)
rNeg   . . .     Faith    .     (shield unavailable)
rPois  .         Spirit   .     (helmet unavailable)
rElec  .         Dismiss  .     (cloak unavailable)
rCorr  .         Reflect  .     (gloves unavailable)
SustAt .         Harm     .     (boots unavailable)
MR     .....                    (no amulet)
Stlth  ++........               (no ring)
                                m - ring of protection from fire

@: quick, not resistant to hostile enchantments, unstealthy
A: no armour, no weapons or thrown items, claws 1, fangs 3, horns 1, see
invisible, carnivore 3, dopey 1, speed 1, shaggy fur 1, slow metabolism 1,
strong 1, sharp paws
a: Renounce Religion


You were on level 3 of the Dungeon.
You worshipped Elyvilon.
Elyvilon was noncommittal.
You were completely stuffed.

You visited 1 branch of the dungeon, and saw 3 of its levels.

You collected 93 gold pieces.

Inventory:

Missiles
 a - 27 arrows
 j - 13 arrows of flame
Jewellery
 m - a ring of protection from fire (left paw)
Scrolls
 k - a scroll of remove curse
Potions
 d - 3 potions of curing
 f - a potion of brilliance {unknown}
 g - a potion of flight {unknown}
 l - a potion of cure mutation {unknown}
 o - a potion of cancellation {unknown}
Books
 b - a book of Changes

   Spells                             Type                      Level
   a - Beastly Appendage              Transmutation                1
   b - Sticks to Snakes               Transmutation                2
   c - Spider Form                    Transmutation/Poison         3
   d - Ice Form                       Ice/Transmutation            4
   e - Blade Hands                    Transmutation                5
Comestibles
 c - a meat ration
 h - 3 chunks of flesh
 i - a slice of pizza


   Skills:
 - Level 1.0 Fighting
 - Level 2.6 Dodging
 + Level 4.8 Unarmed Combat
 - Level 2.0 Spellcasting
 - Level 2.1 Transmutations


You couldn't memorise any spells.
You knew the following spells:

 Your Spells              Type           Power        Failure   Level  Hunger
a - Beastly Appendage     Trmt           #.....       12%         1    ##.....
b - Sticks to Snakes      Trmt           #.......     17%         2    ###....
c - Spider Form           Trmt/Pois      #.........   52%         3    ####...


Dungeon Overview and Level Annotations

Branches:
Dungeon (3/15)

Altars:
Elyvilon


Innate Abilities, Weirdness & Mutations

You cannot wear armour.
You are incapable of wielding weapons or throwing items.
You have sharp claws.
You have razor-sharp teeth.
You have supernaturally acute eyesight.
You are carnivorous and can eat meat at any time.
You cover ground quickly.
You are covered in fur (AC +1).
You have a slow metabolism.
Your sharp claws are effective at attacking unaware monsters.
You have a pair of small horns on your head.
You are dopey. (Int -2)
Your muscles are strong. (Str +2)


Message History

An adder and an orc priest come into view.
The orc priest shouts!
You scratch the orc.
The orc is moderately wounded.
The orc barely misses you.
You scratch the orc but do no damage.
The orc is moderately wounded.
The orc barely misses you.
You closely miss the orc.
The orc is moderately wounded.
The orc priest calls upon Beogh to heal the orc.
The orc's wounds heal themselves!
The orc priest calls down the wrath of Beogh upon you.
Something smites you!
Ouch! That really hurt!
* * * LOW HITPOINT WARNING * * *
Casting: Beastly Appendage
Confirm with . or Enter, or press ? or * to list all spells.
You create a snake!
You now have 40 arrows.
The orc hits you with a club.
You die... #.#.##.# So.

#.# #o#
#.# #.#
#.# #o#
#.# #.#
#.# #.#
#.# #o#
#.# #@#
#.# #.#
#.# #S#
#.# #.#
#.# #.#
#.# #.#
#.#
#.####.##
#.......#
#########


You could see 2 orc priests, an adder, 2 orcs and a friendly ball python.

Vanquished Creatures
  2 adders (D:2)
  3 giant geckos (D:1)
  2 bats
  A giant cockroach (D:1)
  5 goblins
  5 hobgoblins
  13 giant newts
  3 kobolds
  4 rats
38 creatures vanquished.

Vanquished Creatures (collateral kills)
  A giant gecko (D:2)
  A goblin (D:2)
  A ball python (D:2)
  A bat (D:2)
4 creatures vanquished.

Grand Total: 42 creatures vanquished

Notes
Turn   | Place    | Note
--------------------------------------------------------------
     0 | D:1      | Reinor the Felid Transmuter began the quest for the Orb.
     0 | D:1      | Reached XP level 1. HP: 9/9 MP: 4/4
    49 | D:1      | Reached XP level 2. HP: 8/12 MP: 6/6
   147 | D:1      | Learned a level 2 spell: Sticks to Snakes
   659 | D:1      | Reached skill level 4 in Unarmed Combat
   953 | D:2      | Reached XP level 3. HP: 13/15 MP: 3/7
   972 | D:2      | Learned a level 3 spell: Spider Form
   986 | D:2      | Found a white marble altar of Elyvilon.
   993 | D:2      | Became a worshipper of Elyvilon the Healer
  1828 | D:2      | Gained mutation: You are dopey. (Int -2) [potion of mutation]
  1828 | D:2      | Gained mutation: You have a pair of small horns on your head. [potion of mutation]
  1828 | D:2      | Gained mutation: Your muscles are strong. (Str +2) [potion of mutation]
  1894 | D:3      | Slain by an orc

Vault maps used:
D:1:      dpeg_arrival_rhombus, minmay_lizard_king
D:2:      elyvilon_altar_3
D:3:      uniq_crazy_yiuf_cottage, uniq_jessica

Action                   || total
-------------------------++-------
Melee: Unarmed           ||   100
 Cast: Beastly Appendage ||    13
       Sticks to Snakes  ||     4
  Use: Scroll            ||     7
       Potion            ||     1
 Stab: Sleeping          ||     4
  Eat: Chunk             ||    10
